 Dungeon Crawl Stone Soup version 0.31-a0-188-g5e087ee2ca (webtiles) character file.

Game seed: 6854036030238969099

70 qw the Shooter (level 4, -1/25 HPs)
             Began as a Deep Elf Hunter on June 23, 2023.
             Slain by a worm (9 damage)
             ... on level 2 of the Dungeon.
             The game lasted 00:00:27 (1022 turns).

qw the Shooter (Deep Elf Hunter)                    Turns: 1022, Time: 00:00:27

Health: -1/25      AC:  3    Str: 10    XL:     4   Next: 4%
Magic:  6/6        EV: 12    Int: 14    God:
Gold:   5          SH:  0    Dex: 18    Spells: 3/3 levels left

rFire   . . .        Y - +0 shortbow
rCold   . . .        (shield currently unavailable)
rNeg    . . .        c - +0 leather armour
rPois   .            (no helmet)
rElec   .            (no cloak)
rCorr   .            (no gloves)
SInv    .            (no boots)
Will    .....        (no amulet)
Stlth   ++           (no ring)
HPRegen 0.24/turn    (no ring)
MPRegen 0.10/turn

%: no passive effects
@: no status effects
A: no striking features
a: no special abilities


You were on level 2 of the Dungeon.
You visited 1 branch of the dungeon, and saw 2 of its levels.

You collected 55 gold pieces.
You spent 50 gold pieces at shops.


   Skills:
 - Level 1.5 Fighting
 + Level 7.4 Ranged Weapons
 - Level 2.4 Dodging
 - Level 1.2 Stealth


You had 3 spell levels left.
You didn't know any spells.
Your spell library was empty.

Inventory:

Hand Weapons
 Y - a +0 shortbow (weapon)
Armour
 c - a +0 leather armour (worn)
Scrolls
 a - a scroll of identify
Potions
 b - a potion of resistance
 d - 2 potions of curing {unknown}
 f - a potion of degeneration {unknown}

Dungeon Overview and Level Annotations

Branches:
Dungeon (2/15)

Altars:

Shops:
D:2 *


Message History

d - a cyan potion Thank you for shopping at Moplat's Assorted Antiques!
982 ||| BUYING cyan potion (25 gold).
d - 2 cyan potions (gained 1) Thank you for shopping at Moplat's Assorted Antiques!
982 ||| SHOPLISTING scroll of identify (56 gold, have 5).
You can access your shopping list by pressing '$'.
Found 4 stones.
Enter note:
Enter note:
Enter note:
Enter note:
Found an escape hatch in the floor.
Enter note:
Enter note:
Enter note:
Enter note: A worm comes into view.
Found a stone staircase leading up.
Enter note:
Enter note:
Enter note:
Enter note:
Enter note:
Enter note: You shoot an arrow.
The arrow barely misses the worm.
You shoot an arrow. The arrow hits the worm!
The worm is moderately wounded.
The worm bites you.
You shoot an arrow. The arrow hits the worm.
The worm is heavily wounded.
You shoot an arrow. The arrow completely misses the worm.
The worm bites you!
You shoot an arrow. The arrow barely misses the worm.
The worm bites you!
You shoot an arrow. The arrow hits the worm!
The worm is almost dead.
You shoot an arrow. The arrow barely misses the worm.
The worm bites you!
You die...

# #############
######......#.....
#......####.#.####
####.######
#.#.#### #.......#
#......# #.##.##.#
###..... #.##@# #
#.##.# #.##.w..<#
#..... #.#####..#
#.##.. #.# .#
.>..... #.. #
......(. ###
........ ..#...


You could see a worm.

Vanquished Creatures
  3 adders (D:2)
  3 worms
  2 dart slugs
  3 ball pythons
  An endoplasm (D:2)
  3 goblins
  4 hobgoblins
  4 kobolds
  2 quokkas (D:2)
  5 bats
  3 rats
33 creatures vanquished.

Notes
Turn   | Place    | Note
-------+----------+-------------------------------------------
     0 | D:1      | qw the Deep Elf Hunter began the quest for the Orb.
     0 | D:1      | Reached XP level 1. HP: 12/12 MP: 3/3
     0 | D:1      | 0 ||| qw: Version: 0.3-a-9-g12657ce
     0 | D:1      | 0 ||| qw: Game counter: 3614
     0 | D:1      | 0 ||| qw: Always use a shield: true
     0 | D:1      | 0 ||| qw: God list: Okawaru
     0 | D:1      | 0 ||| qw: Allow faded altars: false
     0 | D:1      | 0 ||| qw: Do Orc after D:15 true
     0 | D:1      | 0 ||| qw: Do second Lair branch before Depths: true
     0 | D:1      | 0 ||| qw: Lair rune preference: random
     0 | D:1      | 0 ||| qw: Plans: Normal
     0 | D:1      | 0 ||| PLANNING D:1-11
   132 | D:1      | Reached XP level 2. HP: 16/16 MP: 4/4
   163 | D:1      | Reached skill level 6 in Ranged Weapons
   700 | D:1      | 700 ||| READING 2 scrolls labelled DYOPES WUTZUDA.
   701 | D:1      | 701 ||| READING scroll labelled KOZXORHYRU.
   704 | D:1      | 704 ||| READING scroll labelled ROBBI INIONU.
   705 | D:1      | 705 ||| READING scroll labelled TUOBYSE DUKH.
   706 | D:1      | 706 ||| DROPPING scroll of butterflies.
   773 | D:2      | Reached XP level 3. HP: 20/20 MP: 5/5
   840 | D:2      | Reached skill level 7 in Ranged Weapons
   949 | D:2      | Reached XP level 4. HP: 20/25 MP: 6/6
   949 | D:2      | 949 ||| FLEEEEING.
   951 | D:2      | 951 ||| STAIRDANCE
   967 | D:1      | 967 ||| READING 2 scrolls of identify.
   967 | D:1      | 967 ||| IDENTIFYING sedimented orange potion
   972 | D:2      | Found Moplat's Assorted Antiques.
   982 | D:2      | 982 ||| BUYING cyan potion (25 gold).
   982 | D:2      | Bought a cyan potion for 25 gold pieces
   982 | D:2      | 982 ||| BUYING cyan potion (25 gold).
   982 | D:2      | Bought a cyan potion for 25 gold pieces
   982 | D:2      | 982 ||| SHOPLISTING scroll of identify (56 gold, have 5).
  1022 | D:2      | Slain by a worm

Levels and vault maps discovered:
D:1:      mushboom_english_gardens, layout_basic, hangedman_glass_teeth,
          nicolae_wormholes
D:2:      layout_loops_cross, serial_shops, nicolae_shop_overgrown_old_shop,
          cheibrodos_gnoll_hut

Skill      XL: |  1  2  3 |
---------------+----------+-----
Ranged Weapons | 6 7 |  7.4
Fighting       | |  1.5
Dodging        | |  2.4
Stealth        | |  1.2

Action                     |  1- 3 |  4- 6 || total
---------------------------+-------+-------++-------
   Fire: Shortbow          |    98 |     8 ||   106
    Use: Scroll            |     4 |     1 ||     5
 Armour: Leather armour    |     8 |       ||     8
  Dodge: Dodged            |    25 |       ||    25

Table legend:
 A = Non-vault XP
 B = Vault XP
 C = Vault XP percentage of total XP
 D = Non-vault monster count
 E = Vault monster count
 F = Vault count percentage of total count
                 A         B        C        D         E       F
            +---------+---------+-------+---------+---------+-------
      Total |      96 |       5 |   5.0 |      32 |       1 |   3.0
            +---------+---------+-------+---------+---------+-------
        D:1 |      23 |       5 |  17.9 |      13 |       1 |   7.1
        D:2 |      73 |       0 |   0.0 |      19 |       0 |   0.0
            +---------+---------+-------+---------+---------+-------
